Map: Blackburn LE

Players

Disobae

  • Race: Protoss Protoss
  • League: Diamond

ViBE - Winner!

  • Race: Protoss Protoss
  • League: Diamond

VOD

Have the link to the VOD?

Description

Time

  • Played on: April 12, 2021, 1:51 a.m.
  • Length: 5:19
Show
View Real Time Build Order
Export as new Build Order

Disobae Protoss 

Build Orders: Dark Templar Rush 

Get SALT Encoding   

  12  0:00  Probe  
  13  0:12  Probe  
  14  0:20  Pylon  
  14  0:24  Probe  
  15  0:40  Gateway  
  15  0:41  Probe  
  16  0:47  Assimilator  
  16  0:53  Probe  
  17  1:01  Assimilator  
  17  1:08  Probe  
  18  1:27  Cybernetics Core  
  18  1:30  Gateway  
  18  1:32  Probe  
  19  1:44  Probe  
  20  1:53  Pylon  
  20  2:05  Shield Battery  
  22  2:14  Twilight Council  
  20  2:24  Robotics Facility  
  20  2:38  Probe  
  21  2:51  Dark Shrine  
  20  2:53  Stalker  
  23  2:58  Probe (Chrono Boost)  
  23  3:10  Probe (Chrono Boost)  
  24  3:17  Probe (Chrono Boost)  
  24  3:19  Warp Prism (Chrono Boost)  
  27  3:39  Gateway  
  27  3:43  Probe  
  27  3:45  Sentry  
  30  3:49  Pylon  
Show
View Real Time Build Order
Export as new Build Order

ViBE Protoss - Winner!

Build Orders:  

Get SALT Encoding   

  12  0:00  Probe  
  13  0:12  Probe  
  14  0:18  Pylon  
  14  0:24  Probe  
  15  0:36  Probe (Chrono Boost)  
  15  0:38  Gateway  
  16  0:45  Assimilator  
  17  0:50  Probe (Chrono Boost)  
  17  0:54  Probe (Chrono Boost)  
  18  1:07  Probe  
  19  1:14  Gateway  
  19  1:19  Probe  
  19  1:21  Assimilator  
  20  1:26  Cybernetics Core  
  20  1:31  Probe  
  21  1:34  Pylon  
  21  1:43  Probe  
  22  1:57  Probe  
  22  1:59  Pylon  
  23  2:03  Warp Gate  
  23  2:04  Stalker  
  25  2:10  Stalker  
  27  2:25  Gateway  
  27  2:28  Robotics Facility  
  27  2:31  Pylon  
  27  2:58  Stalker x2  
  31  3:14  Immortal (Chrono Boost)  
  35  3:22  Stalker  
  37  3:44  Immortal (Chrono Boost)  
  41  3:53  Stalker x2  
  45  4:10  Observer (Chrono Boost)  
  46  4:21  Gateway  
  46  4:50  Pylon  
  46  4:57  Pylon  
Tags
 
Add a new tag
Caveats
  • Supply blocks, unpowered buildings, or Contaminate may cause inaccurate times.
  • Supply counts are checked every 10 seconds.